Map: Thunderbird LE

Players

MaNa - Winner!

  • Race: Protoss Protoss
  • Spawn Location: 5:00

Cyan

  • Race: Protoss Protoss
  • Spawn Location: 11:00

VOD

Have the link to the VOD?

Description

Time

  • Played on: Sept. 6, 2019, 8:03 p.m.
  • Length: 6:33
Show
View Real Time Build Order
Export as new Build Order

MaNa Protoss - Winner!

Build Orders:  

Get SALT Encoding   

  12  0:00  Probe  
  13  0:12  Probe  
  14  0:17  Pylon  
  14  0:24  Probe  
  15  0:32  Probe  
  15  0:37  Gateway  
  15  0:42  Probe, Assimilator  
  17  0:53  Probe  
  17  0:55  Assimilator  
  18  1:01  Probe  
  18  1:07  Gateway  
  18  1:09  Probe  
  20  1:20  Probe  
  20  1:24  Cybernetics Core  
  21  1:32  Probe  
  22  1:39  Pylon  
  22  1:44  Probe  
  23  2:01  Robotics Facility  
  23  2:02  Stalker  
  25  2:09  Stalker  
  25  2:13  Warp Gate  
  27  2:21  Shield Battery  
  27  2:32  Stalker  
  29  2:39  Stalker  
  31  2:57  Observer, Pylon  
  31  3:10  Immortal  
  35  3:25  Probe  
  36  3:29  Robotics Bay  
  36  3:36  Pylon  
  36  3:37  Probe  
  36  3:41  Warp Prism  
  37  3:44  Observer  
  39  4:01  Observer  
  39  4:04  Adept x2  
  43  4:16  Disruptor  
  46  4:20  Pylon  
  45  4:46  Adept x2  
  45  4:50  Pylon  
  45  4:52  Disruptor  
  52  4:58  Gateway  
  52  5:07  Sentry  
  46  5:22  Zealot  
  50  5:28  Immortal  
  50  5:31  Stalker  
  52  5:48  Adept  
  54  5:53  Zealot  
  54  5:54  Zealot  
  54  6:15  Zealot x3  
Show
View Real Time Build Order
Export as new Build Order

Cyan Protoss 

Build Orders:  

Get SALT Encoding   

  12  0:00  Probe  
  13  0:12  Probe  
  14  0:17  Pylon  
  14  0:24  Probe  
  15  0:32  Probe  
  15  0:39  Gateway  
  15  0:40  Probe  
  16  0:46  Assimilator  
  17  0:51  Probe  
  17  0:55  Assimilator  
  18  0:59  Probe  
  19  1:08  Gateway, Probe  
  19  1:17  Probe  
  21  1:26  Cybernetics Core  
  21  1:29  Probe  
  22  1:35  Pylon  
  22  1:41  Probe  
  23  1:54  Probe  
  24  2:03  Warp Gate, Stalker x2  
  24  2:07  Pylon  
  28  2:10  Probe  
  29  2:20  Pylon  
  29  2:33  Stalker x2  
  33  2:41  Robotics Facility  
  33  3:01  Nexus  
  33  3:10  Sentry x2  
  37  3:17  Pylon  
  37  3:23  Pylon  
  37  3:31  Immortal  
  37  3:34  Shield Battery  
  37  3:37  Pylon  
  41  3:56  Nexus  
  41  3:58  Pylon  
  41  3:59  Probe  
  42  4:03  Observer  
  42  4:16  Stalker  
  45  4:17  Probe  
  45  4:21  Stargate  
  46  4:32  Probe  
  46  4:36  Warp Prism  
  49  4:44  Probe  
  49  4:55  Sentry  
  49  4:58  Shield Battery  
  51  5:06  Stalker  
  45  5:26  Stalker  
  41  5:32  Immortal  
  40  5:44  Phoenix  
  40  5:46  Shield Battery  
  42  5:51  Shield Battery  
  42  6:07  Stalker  
  43  6:12  Stalker  
Tags
 
Matchup
PvP
Player
CyanMaNa
Spawn Locations
Cross Positions
Add a new tag
Caveats
  • Supply blocks, unpowered buildings, or Contaminate may cause inaccurate times.
  • Supply counts are checked every 10 seconds.